 Dungeon Crawl Stone Soup version 0.24-a0-530-g18ba70b503 (webtiles) character file.

Game seed: 16114478895139914854

205 BinkBink the Poker (level 5, 0/39 HPs)
             Began as a Demonspawn Gladiator on Aug 9, 2019.
             Slain by an iguana (9 damage)
             ... on level 6 of the Dungeon.
             The game lasted 00:03:53 (1849 turns).

BinkBink the Poker (Demonspawn Gladiator)           Turns: 1849, Time: 00:03:53

Health: 0/39       AC:  4    Str: 15    XL:     5   Next: 52%
Magic:  5/5        EV: 13    Int:  9    God:
Gold:   182        SH:  0    Dex: 15    Spells: 4/4 levels left

rFire    . . .     SeeInvis .   a - +0 trident
rCold    . . .     Gourm    .   (no shield)
rNeg     . . .     Faith    +   b - +0 leather armour
rPois    .         Spirit   .   (helmet restricted)
rElec    .         Reflect  .   (no cloak)
rCorr    .         Harm     .   m - +0 pair of gloves
MR       .....                  (no boots)
Stlth    ++........             n - amulet of faith
HPRegen  0.13/turn              (no ring)
MPRegen  0.09/turn              (no ring)

@: no status effects
A: antennae 1, powered by death 1
a: no special abilities


You were on level 6 of the Dungeon.
You were not hungry.

You visited 1 branch of the dungeon, and saw 4 of its levels.

You collected 182 gold pieces.

Inventory:

Hand Weapons
 a - a +0 trident (weapon)
Missiles
 d - 3 throwing nets (quivered)
Armour
 b - a +0 leather armour (worn)
 c - a +0 helmet
 m - a +0 pair of gloves (worn)
Jewellery
 j - an uncursed amulet of rage
 n - an amulet of faith (around neck)
Scrolls
 e - 3 scrolls of teleportation {unknown}
 i - a scroll of magic mapping {unknown}
 k - 3 scrolls of identify {unknown}
 q - a scroll of amnesia {unknown}
 r - a scroll of immolation {unknown}
Potions
 g - a potion of invisibility {unknown}
 h - 4 potions of lignification {unknown}
 l - 2 potions of agility {unknown}
 p - a potion of mutation {unknown}
 s - a potion of magic {unknown}
Comestibles
 f - 3 rations
 o - 2 chunks of flesh


   Skills:
 + Level 2.6 Fighting
 + Level 4.3 Polearms
 + Level 2.0 Throwing
 + Level 1.4 Armour
 + Level 3.3 Dodging
 + Level 1.4 Stealth


You had 4 spell levels left.
You didn't know any spells.
Your spell library was empty.

Dungeon Overview and Level Annotations

Branches:
Dungeon (3/15)

Altars:
Qazlal

Annotations:
D:6 1 runed translucent door, Crazy Yiuf


Innate Abilities, Weirdness & Mutations

You have a pair of small antennae on your head.
You regenerate a little health from kills.


Message History

You barely miss the iguana.
The iguana is heavily wounded.
The iguana bites you.
You barely miss the iguana.
The iguana is heavily wounded.
The iguana barely misses you.
You barely miss the iguana.
The iguana is heavily wounded.
The iguana closely misses you.
You barely miss the iguana.
The iguana is heavily wounded.
The iguana barely misses you.
You hit the iguana but do no damage.
The iguana is heavily wounded.
The iguana bites you!
* * * LOW HITPOINT WARNING * * *
You hit the iguana.
The iguana is almost dead.
The iguana bites you!
You die...

......................#
............(.........#
......................#
.###.................##
.# ##.[...........[..##
.# ########..........#
## #..........# #
#..........#
#....@.....#
#....l.....#
##........## ##......##
########


You could see an iguana.

Vanquished Creatures
  A crimson imp (D:2)
  2 orc priests (D:3)
  An orc wizard (D:3)
  4 adders
  A worm (D:2)
  2 dart slugs (D:1)
  An orc (D:3)
  8 bats
  2 giant cockroaches
  3 goblins
  8 hobgoblins
  A quokka (D:2)
  5 frilled lizards
  5 kobolds
  4 rats
48 creatures vanquished.

Notes
Turn   | Place    | Note
-------+----------+-------------------------------------------
     0 | D:1      | BinkBink the Demonspawn Gladiator began the quest for the
                  | Orb.
     0 | D:1      | Reached XP level 1. HP: 16/16 MP: 1/1
   128 | D:1      | Reached skill level 3 in Polearms
   130 | D:1      | Gained mutation: You have a pair of small antennae on your
                  | head. [demonic ancestry]
   130 | D:1      | Reached XP level 2. HP: 15/22 MP: 2/2
   637 | D:2      | Reached XP level 3. HP: 24/27 MP: 3/3
   768 | D:2      | Reached skill level 1 in Stealth
   768 | D:2      | Reached XP level 4. HP: 18/33 MP: 4/4
  1500 | D:3      | Found a stormy altar of Qazlal.
  1523 | D:3      | Reached skill level 4 in Polearms
  1530 | D:3      | Reached skill level 1 in Armour
  1607 | D:3      | Gained mutation: You regenerate a little health from kills.
                  | [demonic ancestry]
  1607 | D:3      | Reached XP level 5. HP: 9/39 MP: 5/5
  1645 | D:3      | HP: 1/39 [adder (3)]
  1741 | D:3      | You fall into a shaft and drop 3 floors!
  1799 | D:6      | Found a runed translucent door.
  1800 | D:6      | Noticed Crazy Yiuf
  1849 | D:6      | Slain by an iguana

Levels and vault maps discovered:
D:1:      psy_arrival_radial01, layout_basic
D:2:      layout_loops_ring, minmay_pentomino_pile
D:3:      layout_loops_cross, grunt_temple_overflow_order_and_chaos_2,
          nicolae_qazlal_general_emergency
D:6:      layout_rooms, uniq_crazy_yiuf_cottage, uniq_duvessa, uniq_pikel

Skill      XL: |  1  2  3  4 |
---------------+-------------+-----
Polearms       | 3 4 |  4.3
Throwing       | 2 |  2.0
Dodging        | 3 |  3.3
Stealth        | 1 |  1.4
Armour         | 1 |  1.4
Fighting       | |  2.6

Action                   |  1- 3 |  4- 6 || total
-------------------------+-------+-------++-------
Melee: Trident           |    76 |   137 ||   213
  Use: Potion            |       |     3 ||     3
 Stab: Sleeping          |     3 |     3 ||     6
  Eat: Chunk             |       |     3 ||     3
Armor: Leather armour    |    10 |    37 ||    47
Dodge: Dodged            |    34 |   105 ||   139

Table legend:
 A = Non-vault XP
 B = Vault XP
 C = Vault XP percentage of total XP
 D = Non-vault monster count
 E = Vault monster count
 F = Vault count percentage of total count
                 A         B        C        D         E       F
            +---------+---------+-------+---------+---------+-------
      Total |     282 |      11 |   3.8 |      43 |       5 |  10.4
            +---------+---------+-------+---------+---------+-------
        D:1 |      29 |       0 |   0.0 |      16 |       0 |   0.0
        D:2 |     109 |      11 |   9.2 |      18 |       5 |  21.7
        D:3 |     144 |       0 |   0.0 |       9 |       0 |   0.0
            +---------+---------+-------+---------+---------+-------
